 Dungeon Crawl Stone Soup version 0.22-a0-348-gd16d139 (webtiles) character file.

3559 Deeps the Cleaver (level 9, -3/72 HPs)
             Began as a Demonspawn Gladiator on Apr 8, 2018.
             Was a Priest of Okawaru.
             Slain by an orc warrior
             ... wielding a +0 halberd
              (11 damage)
             ... on level 8 of the Dungeon.
             The game lasted 00:15:14 (7167 turns).

Deeps the Cleaver (Demonspawn Gladiator)            Turns: 7167, Time: 00:15:15

Health: -3/72      AC: 10    Str: 17    XL:     9   Next: 83%
Magic:  0/9        EV: 11    Int: 12    God:    Okawaru [***...]
Gold:   397        SH:  0    Dex: 19    Spells: 8/8 levels left

rFire    . . .     SeeInvis .   a - +0 war axe
rCold    . . .     Gourm    .   (no shield)
rNeg     . . .     Faith    .   q - +0 chain mail
rPois    +         Spirit   +   c - +0 helmet
rElec    .         Reflect  .   w - +0 cloak
rCorr    .         Harm     .   (no gloves)
MR       .....     Rnd*Tele +   (no boots)
Stlth    ..........             (no amulet)
HPRegen  0.22/turn              r - ring of poison resistance {rPois, !d}
MPRegen  0.22/turn              b - +4 ring of dexterity

@: no status effects
A: fangs 1, hooves 1, clever 1, teleportitis 1, magic shield, magic
regeneration, sturdy frame 3
a: Heroism, Renounce Religion


You were on level 8 of the Dungeon.
You worshipped Okawaru.
Okawaru was most pleased with you.
You were not hungry.

You visited 2 branches of the dungeon, and saw 9 of its levels.

You collected 397 gold pieces.

Inventory:

Hand Weapons
 a - a +0 war axe (weapon)
 h - a +1 hunting sling of flaming
   (You took it off Joseph on level 8 of the Dungeon)
Missiles
 d - 3 throwing nets {=f, !d}
Armour
 c - a +0 helmet (worn)
 q - a +0 chain mail (worn)
   (You took it off Terence on level 2 of the Dungeon)
 w - a +0 cloak (worn)
   (You took it off Crazy Yiuf on level 2 of the Dungeon)
 z - a +3 leather armour
   (You found it on level 8 of the Dungeon)
Jewellery
 b - a +4 ring of dexterity (right hand)
   (You found it on level 5 of the Dungeon)
 r - a ring of poison resistance (left hand) {rPois, !d}
   (You found it on level 2 of the Dungeon)
 y - an uncursed ring of protection from cold {rC+, !d}
   (You found it on level 7 of the Dungeon)
Wands
 e - a wand of digging (10)
   (You found it on level 6 of the Dungeon)
 g - a wand of polymorph (6)
   (You took it off Dowan on level 6 of the Dungeon)
 j - a wand of iceblast (9)
   (You found it on level 6 of the Dungeon)
Scrolls
 i - 3 scrolls of immolation {!r}
 k - 4 scrolls of enchant weapon
 l - a scroll of teleportation
 m - a scroll of fog
 s - 6 scrolls of identify
 t - 3 scrolls of remove curse
 u - a scroll of summoning {unknown}
Potions
 n - 3 potions of lignification {!q}
 o - a potion of cancellation {unknown}
 p - 2 potions of might
 v - a potion of resistance
Comestibles
 f - 16 rations {@e1}


   Skills:
 + Level 7.1 Fighting
 + Level 11.2 Axes
 - Level 1.7 Throwing
 - Level 2.6 Dodging
 + Level 1.8 Stealth
 + Level 1.2 Unarmed Combat


You had 8 spell levels left.
You didn't know any spells.

Dungeon Overview and Level Annotations

Branches:
Dungeon (8/15)             Temple (1/1) D:5            Lair (0/6) D:8

Altars:
Ashenzari
Cheibriados
Dithmenos
Elyvilon
Fedhas
Gozag
Hepliaklqana
Kikubaaqudgha
Makhleb
Nemelex Xobeh
Okawaru
Qazlal
Ru
Sif Muna
Trog
Uskayaw
Vehumet
Wu Jian
Xom
Yredelemnul
Zin
The Shining One

Shops:
D:4 %


Innate Abilities, Weirdness & Mutations

You have large cloven feet.
When hurt, damage is shared between your health and your magic reserves.
You regenerate magic rapidly.
Your movements are significantly less encumbered by armour. (ER -6)
You have very sharp teeth.
Your mind is acute. (Int +2)
You are occasionally teleported next to monsters.


Message History

The orc wizard hits you but does no damage.
You take 3 damage, and have 58/72 hp.
You hit the orc wizard but do no damage.
The orc wizard hits you but does no damage.
You hit the orc wizard but do no damage.
You bite the orc wizard.
The orc warrior hits you from afar with a halberd!
The orc wizard barely misses you.
You take 10 damage, and have 49/72 hp.
You now have 7/9 mp.
Unknown command.
You hit the orc wizard. Your kick misses the orc wizard.
The orc wizard casts a spell.
The orc wizard seems to speed up.
The orc wizard hits you with a dagger.
You hit the orc wizard but do no damage.
You kick the orc wizard.
You bite the orc wizard, but do no damage.
The orc warrior hits you from afar with a halberd.
The orc wizard casts a spell at you. The magic dart hits you!
You take 10 damage, and have 39/72 hp.
You are too injured to fight recklessly!
You are too injured to fight recklessly!
Unknown command.
You are too injured to fight recklessly!
You are too injured to fight recklessly!
Unknown command.
You are too injured to fight recklessly!
You are too injured to fight recklessly!
Unknown command.
The orc wizard gestures wildly while chanting.
The orc wizard blinks!
The orc wizard gestures wildly while chanting.
The orc wizard blinks!
The orc wizard hits you but does no damage.
The orc warrior barely misses you.
You closely miss the orc wizard. The orc wizard closely misses you.
The orc warrior hits you but does no damage.
You hit the orc wizard. Your kick misses the orc wizard.
The orc wizard casts a spell.
The orc wizard blinks!
The orc warrior hits you from afar with a halberd!
You take 6 damage, and have 35/72 hp.
You now have 7/9 mp.
The orc warrior misses you.
Unknown command.
You hit the orc warrior. You slash the orc warrior!
Your kick misses the orc warrior. The orc warrior barely misses you.
You hit the orc warrior but do no damage.
The orc wizard mumbles some strange words.
The orc wizard seems to speed up.
You hit the orc wizard.
You hit the orc warrior but do no damage.
The orc wizard hits you but does no damage.
You hit the orc wizard. You kick the orc wizard.
You barely miss the orc warrior.
The orc wizard hits you but does no damage.
The orc warrior hits you but does no damage.
The orc wizard hits you but does no damage.
MP restored: 9 Unknown command.
You hit the orc warrior. You miss the orc wizard.
You completely miss the orc wizard.
The orc wizard hits you but does no damage.
The orc wizard misses you. The orc warrior barely misses you.
You hit the orc warrior but do no damage.
You kick the orc warrior, but do no damage.
You hit the orc wizard. x2; The orc wizard barely misses you.
The orc wizard hits you but does no damage. x3
Unknown command.
You closely miss the orc warrior.
You kick the orc warrior, but do no damage.
You slash the orc wizard!
You kill the orc wizard!
Okawaru accepts your kill.
You hit the orc wizard but do no damage.
The orc warrior closely misses you.
The orc wizard hits you but does no damage.
You closely miss the orc warrior.
You kick the orc warrior, but do no damage.
You barely miss the orc wizard.
The orc wizard hits you but does no damage.
The orc warrior hits you with a halberd!
The orc wizard hits you but does no damage.
You take 13 damage, and have 24/72 hp.
You now have 6/9 mp.
Unknown command.
You slash the orc warrior! You kick the orc warrior.
You bite the orc warrior, but do no damage.
You slash the orc wizard!
You kill the orc wizard!
Okawaru accepts your kill.
The orc warrior hits you with a halberd!!
* * * LOW HITPOINT WARNING * * *
You take 16 damage, and have 8/72 hp.
MASSIVE DAMAGE!!
You now have 2/9 mp.
You hit the orc warrior but do no damage.
Your kick misses the orc warrior.
The orc warrior hits you with a halberd!
You die...

#####...## #....# #########
#.########### .#..#...#
#............
.#......####............
.#.....#(...............
....(.......'###########
.#.....#........#)....#
................@o)..(#
.#######....#####)....#####..
...(.......### ##..)()......
....(.....+..# #..[[.......
..........#..# #..)...(....
..........#..# #...........
..........#..# .............
..........##+# ..............
.#'######..........ยง...##+###


You could see an orc warrior.

Vanquished Creatures
  Joseph (D:8)
  A spriggan (D:7)
  Duvessa (D:6)
  An orc warrior (D:8)
  An ice beast (D:6)
  A sky beast (D:6)
  2 ogres
  A phantom (D:8)
  6 centaurs
  The ghost of Shayle the Poker, an amateur MfSk (D:3)
  5 bullfrogs
  3 scorpions
  Dowan (D:6)
  9 killer bees
  2 howler monkeys (D:5)
  A centaur zombie (D:8)
  5 crimson imps
  A jelly (D:7)
  An orc priest (D:8)
  Crazy Yiuf (D:2)
  A bullfrog skeleton (D:5)
  2 hounds
  An iguana (D:5)
  Terence (D:2)
  3 orc wizards (D:8)
  4 worker ants
  A hound zombie (D:7)
  A worker ant zombie (D:5)
  15 adders
  An adder zombie (D:8)
  An ooze (D:2)
  An adder skeleton (D:4)
  6 worms
  4 dart slugs
  5 leopard geckos
  19 orcs
  5 bats
  2 giant cockroaches
  11 goblins
  7 hobgoblins
  6 jackals
  4 quokkas
  3 ball pythons
  5 frilled lizards
  A giant cockroach zombie (D:5)
  3 kobolds
  A leopard gecko zombie (D:6)
  5 rats
164 creatures vanquished.

Vanquished Creatures (others)
  A fungus (D:8)
1 creature vanquished.

Grand Total: 165 creatures vanquished

Notes
Turn   | Place    | Note
-------+----------+-------------------------------------------
     0 | D:1      | Deeps the Demonspawn Gladiator began the quest for the Orb.
     0 | D:1      | Reached XP level 1. HP: 16/16 MP: 1/1
    63 | D:1      | Reached skill level 3 in Axes
    63 | D:1      | Gained mutation: Your movements are slightly less encumbered by armour. (ER -2) [demonic ancestry]
    63 | D:1      | Reached XP level 2. HP: 14/22 MP: 2/2
   822 | D:1      | Gained mutation: When hurt, damage is shared between your health and your magic reserves. [demonic ancestry]
   822 | D:1      | Reached XP level 3. HP: 23/28 MP: 3/3
   959 | D:2      | Noticed Terence
   972 | D:2      | Killed Terence
   972 | D:2      | Reached skill level 4 in Axes
   972 | D:2      | Reached XP level 4. HP: 14/34 MP: 1/4
  1349 | D:2      | Found a runed door.
  1456 | D:2      | Noticed Crazy Yiuf
  1472 | D:2      | Killed Crazy Yiuf
  1472 | D:2      | Reached skill level 3 in Fighting
  1832 | D:3      | Gained mutation: Your movements are less encumbered by armour. (ER -4) [demonic ancestry]
  1832 | D:3      | Reached XP level 5. HP: 38/41 MP: 5/5
  1960 | D:3      | Noticed Shayle's ghost (amateur MfSk)
  1994 | D:3      | Killed Shayle's ghost
  1994 | D:3      | Reached skill level 5 in Axes
  2101 | D:3      | Reached skill level 1 in Stealth
  2224 | D:3      | Gained mutation: You regenerate magic rapidly. [demonic ancestry]
  2224 | D:3      | Reached XP level 6. HP: 45/47 MP: 6/6
  2446 | D:4      | Found Hodghoys's Food Shop.
  2957 | D:4      | Found a shimmering altar of Xom.
  3212 | D:4      | Gained mutation: You expend magic power (3 MP) to strengthen your wands. [potion of mutation]
  3212 | D:4      | Gained mutation: You occasionally shout uncontrollably at your foes. [potion of mutation]
  3212 | D:4      | Gained mutation: You have a pair of small antennae on your head. [potion of mutation]
  3212 | D:4      | Gained mutation: Your spells are a little harder to cast, but a little more powerful. [potion of mutation]
  3240 | D:4      | Lost mutation: Your spells are a little harder to cast, but a little more powerful. [potion of mutation]
  3240 | D:4      | Lost mutation: You occasionally shout uncontrollably at your foes. [potion of mutation]
  3240 | D:4      | Lost mutation: You expend magic power (3 MP) to strengthen your wands. [potion of mutation]
  3240 | D:4      | Gained mutation: You expend magic power (3 MP) to strengthen your wands. [potion of mutation]
  3240 | D:4      | Gained mutation: You are frail. (-10% HP) [potion of mutation]
  3240 | D:4      | Lost mutation: You expend magic power (3 MP) to strengthen your wands. [potion of mutation]
  3240 | D:4      | Gained mutation: You possess an exceptional clarity of mind. [potion of mutation]
  3241 | D:4      | Lost mutation: You are frail. (-10% HP) [potion of mutation]
  3241 | D:4      | Lost mutation: You have a pair of small antennae on your head. [potion of mutation]
  3241 | D:4      | Lost mutation: You possess an exceptional clarity of mind. [potion of mutation]
  3241 | D:4      | Gained mutation: Your muscles are strong. (Str +2) [potion of mutation]
  3241 | D:4      | Gained mutation: Your body sometimes deteriorates upon taking damage. [potion of mutation]
  3241 | D:4      | Gained mutation: Your muscles are very strong. (Str +4) [potion of mutation]
  3242 | D:4      | Lost mutation: Your muscles are very strong. (Str +4) [potion of mutation]
  3242 | D:4      | Lost mutation: Your body sometimes deteriorates upon taking damage. [potion of mutation]
  3242 | D:4      | Lost mutation: Your muscles are strong. (Str +2) [potion of mutation]
  3242 | D:4      | Gained mutation: You have very sharp teeth. [potion of mutation]
  3242 | D:4      | Gained mutation: You are occasionally teleported next to monsters. [potion of mutation]
  3242 | D:4      | Gained mutation: Your mind is acute. (Int +2) [potion of mutation]
  3270 | D:5      | Entered Level 5 of the Dungeon
  3294 | D:5      | Reached skill level 6 in Axes
  3304 | D:5      | Reached skill level 4 in Fighting
  3475 | D:5      | Reached XP level 7. HP: 47/54 MP: 7/7
  3503 | D:5      | HP: 13/55 [centaur (2)]
  3568 | D:5      | Reached skill level 7 in Axes
  3708 | D:5      | Found a staircase to the Ecumenical Temple.
  3720 | Temple   | Entered the Ecumenical Temple
  3749 | Temple   | Became a worshipper of Warmaster Okawaru
  3870 | D:5      | HP: 13/55 [worker ant (4)]
  3873 | D:5      | HP: 6/55 [poisoned by a worker ant]
  3880 | D:5      | HP: 7/55 [worker ant (1)]
  4356 | D:6      | Gained mutation: You have large cloven feet. [demonic ancestry]
  4356 | D:6      | Reached XP level 8. HP: 61/61 MP: 8/8
  4364 | D:6      | Noticed Dowan
  4369 | D:6      | Noticed Duvessa
  4389 | D:6      | Killed Dowan
  4414 | D:6      | Killed Duvessa
  4414 | D:6      | Reached skill level 8 in Axes
  4468 | D:6      | Reached skill level 5 in Fighting
  4473 | D:6      | Reached * piety under Okawaru
  4634 | D:6      | Reached skill level 9 in Axes
  4949 | D:6      | Found Viahi's Antique Weapon Emporium.
  4957 | D:6      | Reached skill level 1 in Unarmed Combat
  5393 | D:7      | Gained mutation: Your movements are significantly less encumbered by armour. (ER -6) [demonic ancestry]
  5393 | D:7      | Reached XP level 9. HP: 69/69 MP: 9/9
  5489 | D:7      | Reached ** piety under Okawaru
  5492 | D:7      | Reached skill level 6 in Fighting
  5495 | D:7      | HP: 17/69 [killer bee (3)]
  5500 | D:7      | HP: 14/69 [poisoned by a killer bee]
  5501 | D:7      | Reached skill level 10 in Axes
  5508 | D:7      | HP: 13/69 [poisoned by a killer bee]
  5516 | D:7      | HP: 13/69 [poisoned by a killer bee]
  5522 | D:7      | HP: 13/69 [poisoned by a killer bee]
  5962 | D:8      | Noticed Joseph
  5966 | D:8      | Found a staircase to the Lair.
  5972 | D:8      | Killed Joseph
  6213 | D:8      | HP: 16/71 [killer bee (5)]
  6215 | D:8      | Reached *** piety under Okawaru
  6514 | D:8      | Reached skill level 11 in Axes
  6666 | D:8      | Reached skill level 7 in Fighting
  6667 | D:8      | HP: 17/72 [orc warrior/halberd (4)]
  6669 | D:8      | HP: 1/72 [orc warrior/halberd (16)]
  7166 | D:8      | HP: 8/72 [orc warrior/halberd (16)]
  7167 | D:8      | Slain by an orc warrior

Vault maps used:
D:1:      sevenhm_arrival_forest_fort_small_4
D:2:      first_ration, uniq_terence, uniq_crazy_yiuf_cottage
D:4:      xom_teletrap_fun, serial_shops, shop, serial_bayou,
          serial_bayou_shore_b, serial_bayou_pond_b, serial_bayou_shore_a,
          serial_bayou_ford_a
D:5:      minmay_temple_entry_large_hall
D:6:      serial_shops, kennysheep_little_box, uniq_duvessa
D:7:      the_bakery
D:8:      dpeg_oklobed_lair, palyth_stone_intersect, minivault_5,
          lemuel_blue_sif_altar, uniq_joseph, uniq_pikel
Temple:   nicolae_temple_the_god_donut

Skill      XL: |  1  2  3  4  5  6  7  8  9 |
---------------+----------------------------+-----
Axes           | 3 4 5 6 7 9 11 | 11.2
Fighting       | 3 4 5 7 |  7.1
Stealth        | 1 |  1.8
Unarmed Combat | 1 |  1.2
Throwing       | |  1.7
Dodging        | |  2.6

Action                   |  1- 3 |  4- 6 |  7- 9 || total
-------------------------+-------+-------+-------++-------
Melee: War axe           |   105 |   225 |   294 ||   624
       Bite              |       |     3 |    40 ||    43
       Kick              |       |       |    84 ||    84
       Unarmed           |       |       |     8 ||     8
  Use: Potion            |       |     8 |     9 ||    17
       Scroll            |       |     7 |     9 ||    16
 Stab: Confused          |       |       |     1 ||     1
  Eat: Chunk             |       |     5 |     7 ||    12
       Ration            |       |     1 |     2 ||     3
Armor: Leather armour    |    34 |       |       ||    34
       Chain mail        |       |   123 |   167 ||   290
Dodge: Dodged            |   114 |   100 |   165 ||   379

Table legend:
 A = Spawn XP
 B = Non-spawn XP
 C = Spawn XP percentage of total XP
 D = Spawn monster count
 E = Non-spawn monster count
 F = Spawn count percentage of total count
 G = Total turns spent on level
                    A         B        C        D         E        F      G
               +---------+---------+-------+---------+---------+-------+---------
         Total |       0 |    5085 |   0.0 |       0 |     164 |   0.0 |  7167
               +---------+---------+-------+---------+---------+-------+---------
           D:1 |       0 |      52 |   0.0 |       0 |      25 |   0.0 |   918
           D:2 |       0 |     126 |   0.0 |       0 |      16 |   0.0 |   601
           D:3 |       0 |     218 |   0.0 |       0 |      23 |   0.0 |   817
           D:4 |       0 |     108 |   0.0 |       0 |      15 |   0.0 |   934
           D:5 |       0 |     775 |   0.0 |       0 |      19 |   0.0 |   948
           D:6 |       0 |    1151 |   0.0 |       0 |      16 |   0.0 |   922
           D:7 |       0 |    1082 |   0.0 |       0 |      21 |   0.0 |  1023
           D:8 |       0 |    1573 |   0.0 |       0 |      29 |   0.0 |   929
               +---------+---------+-------+---------+---------+-------+---------

Vault maps used:
D:1:      sevenhm_arrival_forest_fort_small_4
D:2:      first_ration, uniq_terence, uniq_crazy_yiuf_cottage
D:4:      xom_teletrap_fun, serial_shops, shop, serial_bayou,
          serial_bayou_shore_b, serial_bayou_pond_b, serial_bayou_shore_a,
          serial_bayou_ford_a
D:5:      minmay_temple_entry_large_hall
D:6:      serial_shops, kennysheep_little_box, uniq_duvessa
D:7:      the_bakery
D:8:      dpeg_oklobed_lair, palyth_stone_intersect, minivault_5,
          lemuel_blue_sif_altar, uniq_joseph, uniq_pikel
Temple:   nicolae_temple_the_god_donut

Table legend:
 A = Turns spent in this place as a percentage of turns spent in the entire game.
 B = Non-inter-level travel turns spent in this place as a percentage of non-inter-level travel turns spent in the entire game.
 C = Inter-level travel turns spent in this place as a percentage of turns spent in this place.
 D = Turns resting spent in this place as a percentage of non-inter-level travel turns spent in this place.
 E = Turns spent auto-exploring this place as a percentage of non-inter-level travel turns spent in this place.
 F = Non-inter-level travel turns spent in this place divided by the number of levels of this place that you've seen.
                   A       B       C       D       E      F
               +-------+-------+-------+-------+-------+----------------------
         Total | 100.0 | 100.0 |   4.7 |  26.9 |  52.1 | 759.1
       Dungeon |  99.0 |  99.5 |   4.2 |  27.1 |  51.9 | 849.5
        Temple |   1.0 |   0.5 |  52.0 |   0.0 |  86.1 |  36.0
               +-------+-------+-------+-------+-------+----------------------

Table legend:
 A = Kills in this place as a percentage of kills in entire the game.
 B = Kills by you in this place as a percentage of kills by you in the entire game.
 C = Kills by friends in this place as a percentage of kills by friends in the entire game.
 D = Other kills in this place as a percentage of other kills in the entire game.
 E = Experience gained in this place as a percentage of experience gained in the entire game.
 F = Experience gained in this place divided by the number of levels of this place that you have seen.
                   A       B       C       D       E      F
               +-------+-------+-------+-------+-------+----------------------
         Total | 100.0 | 100.0 |   N/A |   N/A | 100.0 | 565.0
       Dungeon | 100.0 | 100.0 |   N/A |   N/A | 100.0 | 635.6
               +-------+-------+-------+-------+-------+----------------------
